General information
- name: BNet
- type: Ladder team game (AT/RT)
- host: Battle.net
- saver: ThisISmyTESTacc
map: Feralas
- players: 8
- length: 39:38
- speed: Fast
- version: 1.26 W3XP
- replay type: Public
» download(282 KB)
Players
team 1 (loser)
Bell (
red | 80 APM | 2298 actions | 28:41)
5 Priestess of the Moon
3 Trueshot Aura
2 Searing Arrows
2 Keeper of the Grove
1 Entangling Roots
1 Thorns Aura
» actions
| Assign group hotkey | 27 | |
| Basic commands | 373 | |
| Build / train | 90 | |
| ESC pressed | 2 | |
| Enter build submenu | 22 | |
| Enter hero's abilities submenu | 7 | |
| Give item / drop item | 1 | |
| Right click | 676 | |
| Select / deselect | 383 | |
| Select group hotkey | 572 | |
| Use ability | 145 | |
2298 total
» units
| Wisp | 28 | |
| Archer | 12 | |
| Dryad | 6 | |
| Mountain Giant | 3 | |
| Chimaera | 1 | |
| Hippogryph | 2 | |
52 total
» upgrades
| Strength of the Wild | 4 | |
| Improved Bows | 1 | |
| Reinforced Hides | 2 | |
| Abolish Magic | 1 | |
| Marksmanship | 1 | |
| Nature's Blessing | 1 | |
| Resistant Skin | 1 | |
| Hardened Skin | 1 | |
12 total
» buildings
| Altar of Elders | 1 | |
| Moon Well | 6 | |
| Ancient of War | 1 | |
| Ancient of Wonders | 1 | |
| Tree of Ages | 1 | |
| Tree of Life | 1 | |
| Hunter's Hall | 1 | |
| Ancient of Lore | 2 | |
| Ancient Protector | 4 | |
| Tree of Eternity | 1 | |
| Ancient of Wind | 1 | |
| Chimaera Roost | 1 | |
21 total
» build order
00:18 Altar of Elders
00:31 Moon Well
01:00 Ancient of War
01:31 Moon Well
02:13 Ancient of Wonders
03:20 Tree of Ages
04:43 Moon Well
05:00 Tree of Life
05:04 Hunter's Hall
06:11 Ancient of Lore
06:12 Ancient of Lore
06:41 Ancient Protector
06:43 Ancient Protector
08:49 Tree of Eternity
09:21 Ancient Protector
10:54 Ancient of Wind
11:42 Ancient Protector
12:17 Moon Well
12:19 Moon Well
12:24 Moon Well
16:00 Chimaera Roost
» items
| Lesser Clarity Potion | 3 | |
| Moonstone | 2 | |
| Scroll of Town Portal | 2 | |
| Orb of Venom | 1 | |
| Potion of Healing | 2 | |
| Healing Salve | 1 | |
| Tiny Great Hall | 1 | |
12 total

»
Gales (
purple | 36 APM | 1019 actions | 28:39)
4 Dreadlord
2 Sleep
2 Vampiric Aura
2 Crypt Lord
1 Impale
1 Spiked Carapace
1 Death Knight
1 Death Coil
» actions
| Basic commands | 17 | |
| Build / train | 74 | |
| Enter build submenu | 33 | |
| Enter hero's abilities submenu | 7 | |
| Remove unit from queue | 3 | |
| Right click | 460 | |
| Select / deselect | 359 | |
| Use ability | 66 | |
1019 total
» units
| Acolyte | 25 | |
| Ghoul | 10 | |
| Frost Wyrm | 8 | |
43 total
» upgrades
| Creature Attack | 3 | |
| Creature Carapace | 3 | |
| Freezing Breath | 1 | |
7 total
» buildings
| Crypt | 1 | |
| Ziggurat | 12 | |
| Altar of Darkness | 3 | |
| Nerubian Tower | 3 | |
| Graveyard | 2 | |
| Halls of the Dead | 1 | |
| Necropolis | 4 | |
| Spirit Tower | 6 | |
| Black Citadel | 1 | |
| Sacrificial Pit | 1 | |
| Boneyard | 4 | |
38 total
» build order
00:09 Crypt
00:12 Ziggurat
01:27 Altar of Darkness
02:11 Nerubian Tower
02:15 Graveyard
03:13 Ziggurat
04:20 Halls of the Dead
04:57 Necropolis
05:33 Necropolis
06:29 Ziggurat
06:40 Ziggurat
07:24 Spirit Tower
07:33 Nerubian Tower
07:38 Ziggurat
07:41 Ziggurat
08:13 Black Citadel
08:33 Ziggurat
08:34 Nerubian Tower
08:36 Spirit Tower
08:43 Ziggurat
08:56 Sacrificial Pit
09:31 Graveyard
09:35 Spirit Tower
10:09 Spirit Tower
11:26 Ziggurat
11:31 Ziggurat
12:40 Spirit Tower
12:55 Spirit Tower
13:25 Boneyard
13:44 Boneyard
13:52 Boneyard
13:56 Boneyard
21:22 Altar of Darkness
23:30 Ziggurat
23:55 Altar of Darkness
23:59 Ziggurat
24:20 Necropolis
25:54 Necropolis
Antisocial (
orange | 134 APM | 3821 actions | 28:35)
6 Demon Hunter
3 Mana Burn
2 Evasion
1 Metamorphosis
5 Goblin Alchemist
3 Acid Bomb
2 Chemical Rage
» actions
| Assign group hotkey | 27 | |
| Basic commands | 223 | |
| Build / train | 74 | |
| ESC pressed | 2 | |
| Enter build submenu | 23 | |
| Enter hero's abilities submenu | 11 | |
| Give item / drop item | 1 | |
| Right click | 969 | |
| Select / deselect | 791 | |
| Select group hotkey | 1556 | |
| Use ability | 143 | |
3821 total
» units
| Wisp | 17 | |
| Archer | 6 | |
| Dryad | 6 | |
| Druid of the Claw | 10 | |
39 total
» upgrades
| Ultravision | 1 | |
| Improved Bows | 1 | |
| Abolish Magic | 1 | |
| Druid of the Claw Training | 2 | |
| Well Spring | 1 | |
| Mark of the Claw | 1 | |
| Strength of the Wild | 1 | |
| Nature's Blessing | 1 | |
| Reinforced Hides | 1 | |
10 total
» buildings
| Altar of Elders | 1 | |
| Moon Well | 4 | |
| Ancient of War | 1 | |
| Tree of Ages | 1 | |
| Hunter's Hall | 1 | |
| Tree of Eternity | 1 | |
| Ancient of Lore | 2 | |
| Ancient of Wonders | 2 | |
| Tree of Life | 9 | |
| Ancient of Wind | 1 | |
| Chimaera Roost | 2 | |
25 total
» build order
00:06 Altar of Elders
00:18 Moon Well
00:32 Ancient of War
01:30 Moon Well
02:50 Tree of Ages
03:17 Moon Well
03:59 Moon Well
04:07 Hunter's Hall
06:04 Tree of Eternity
06:06 Ancient of Lore
06:10 Ancient of Lore
06:20 Ancient of Wonders
10:25 Ancient of Wonders
11:24 Tree of Life
14:15 Tree of Life
16:04 Tree of Life
16:11 Tree of Life
18:55 Tree of Life
20:38 Tree of Life
22:04 Ancient of Wind
23:11 Chimaera Roost
23:13 Chimaera Roost
23:41 Tree of Life
24:21 Tree of Life
27:20 Tree of Life
» items
| Scroll of Town Portal | 6 | |
| Staff of Preservation | 1 | |
| Orb of Venom | 1 | |
8 total
AVONBARKSDALE. (
yellow | 55 APM | 2189 actions | 39:37)
7 Blademaster
3 Wind Walk
3 Critical Strike
1 Bladestorm
2 Shadow Hunter
1 Hex
1 Healing Wave
» actions
| Assign group hotkey | 55 | |
| Basic commands | 35 | |
| Build / train | 63 | |
| Enter build submenu | 26 | |
| Enter hero's abilities submenu | 9 | |
| Give item / drop item | 2 | |
| Right click | 772 | |
| Select / deselect | 239 | |
| Select group hotkey | 686 | |
| Use ability | 302 | |
2189 total
» units
| Peon | 17 | |
| Grunt | 3 | |
| Wind Rider | 8 | |
| Troll Batrider | 3 | |
| Raider | 2 | |
33 total
» upgrades
| Reinforced Defenses | 1 | |
| Envenomed Spears | 1 | |
| Ranged Weapons | 2 | |
| Armor | 2 | |
| Ensnare | 1 | |
7 total
» buildings
| Altar of Storms | 1 | |
| Orc Burrow | 6 | |
| Barracks | 1 | |
| Voodoo Lounge | 2 | |
| Stronghold | 2 | |
| Great Hall | 1 | |
| War Mill | 1 | |
| Watch Tower | 19 | |
| Fortress | 2 | |
| Beastiary | 3 | |
38 total
» build order
00:09 Altar of Storms
00:23 Orc Burrow
00:37 Barracks
01:24 Orc Burrow
02:09 Voodoo Lounge
03:16 Stronghold
03:16 Stronghold
03:59 Great Hall
04:04 War Mill
04:13 Orc Burrow
05:20 Watch Tower
05:43 Watch Tower
05:46 Watch Tower
06:34 Watch Tower
06:40 Watch Tower
07:23 Fortress
07:53 Beastiary
08:42 Beastiary
09:19 Orc Burrow
11:31 Watch Tower
11:31 Watch Tower
11:32 Watch Tower
11:33 Watch Tower
12:53 Watch Tower
12:54 Watch Tower
12:55 Watch Tower
12:56 Watch Tower
13:26 Watch Tower
13:26 Watch Tower
13:27 Watch Tower
13:27 Watch Tower
14:03 Beastiary
14:38 Orc Burrow
14:39 Orc Burrow
16:01 Watch Tower
16:02 Watch Tower
25:13 Voodoo Lounge
» items
| Healing Salve | 3 | |
| Orb of Lightning | 1 | |
| Tiny Great Hall | 1 | |
| Potion of Mana | 1 | |
| Potion of Healing | 1 | |
7 total
team 2 (winner)
UDisPOWER (
green | 36 APM | 1413 actions | 38:49)
5 Crypt Lord
3 Carrion Beetles
2 Spiked Carapace
2 Death Knight
1 Death Coil
1 Unholy Aura
» actions
| Assign group hotkey | 6 | |
| Basic commands | 1 | |
| Build / train | 91 | |
| Enter build submenu | 17 | |
| Enter hero's abilities submenu | 7 | |
| Remove unit from queue | 1 | |
| Right click | 788 | |
| Select / deselect | 434 | |
| Select group hotkey | 2 | |
| Use ability | 66 | |
1413 total
» units
| Acolyte | 17 | |
| Ghoul | 3 | |
| Crypt Fiend | 8 | |
| Gargoyle | 25 | |
| Obsidian Statue | 1 | |
| Abomination | 1 | |
55 total
» upgrades
| Creature Attack | 3 | |
| Creature Carapace | 2 | |
| Web | 1 | |
6 total
» buildings
| Graveyard | 1 | |
| Crypt | 2 | |
| Altar of Darkness | 1 | |
| Ziggurat | 9 | |
| Tomb of Relics | 1 | |
| Nerubian Tower | 2 | |
| Halls of the Dead | 1 | |
| Necropolis | 1 | |
| Black Citadel | 1 | |
| Spirit Tower | 3 | |
| Slaughterhouse | 2 | |
24 total
» build order
00:27 Graveyard
00:33 Crypt
01:00 Altar of Darkness
01:08 Ziggurat
01:12 Tomb of Relics
01:24 Ziggurat
02:30 Ziggurat
02:33 Nerubian Tower
04:01 Ziggurat
04:53 Halls of the Dead
07:14 Necropolis
09:05 Black Citadel
09:47 Ziggurat
09:47 Ziggurat
09:50 Ziggurat
10:26 Ziggurat
10:29 Ziggurat
10:35 Black Citadel
10:47 Spirit Tower
10:49 Spirit Tower
11:24 Spirit Tower
11:25 Nerubian Tower
12:51 Crypt
12:54 Slaughterhouse
12:55 Slaughterhouse
» items
| Scroll of Town Portal | 8 | |
| Potion of Healing | 2 | |
| Rod of Necromancy | 1 | |
| Orb of Corruption | 1 | |
| Dust of Appearance | 1 | |
13 total
WongDong (
teal | 54 APM | 2146 actions | 39:27)
5 Beastmaster
3 Summon Quilbeast
2 Summon Hawk
» actions
| Assign group hotkey | 37 | |
| Basic commands | 9 | |
| Build / train | 79 | |
| Enter build submenu | 23 | |
| Enter hero's abilities submenu | 5 | |
| Give item / drop item | 1 | |
| Remove unit from queue | 7 | |
| Right click | 879 | |
| Select / deselect | 467 | |
| Select group hotkey | 548 | |
| Use ability | 91 | |
2146 total
» units
» upgrades
| Ultravision | 1 | |
| Strength of the Moon | 1 | |
| Abolish Magic | 1 | |
| Strength of the Wild | 2 | |
| Reinforced Hides | 1 | |
6 total
» buildings
| Altar of Elders | 2 | |
| Moon Well | 12 | |
| Hunter's Hall | 1 | |
| Ancient of War | 2 | |
| Ancient of Wonders | 1 | |
| Tree of Ages | 1 | |
| Tree of Life | 3 | |
| Tree of Eternity | 1 | |
| Ancient of Lore | 5 | |
28 total
» build order
00:09 Altar of Elders
00:18 Moon Well
02:06 Hunter's Hall
02:09 Ancient of War
02:10 Ancient of War
02:39 Moon Well
02:46 Moon Well
04:23 Ancient of Wonders
06:14 Moon Well
06:17 Moon Well
06:52 Tree of Ages
08:12 Tree of Life
10:12 Tree of Eternity
10:16 Ancient of Lore
10:18 Ancient of Lore
10:46 Tree of Life
12:11 Ancient of Lore
12:11 Ancient of Lore
12:39 Tree of Life
14:33 Moon Well
14:35 Moon Well
14:37 Moon Well
14:37 Moon Well
16:01 Ancient of Lore
16:18 Moon Well
16:19 Moon Well
25:00 Altar of Elders
25:04 Moon Well
» items
| Moonstone | 1 | |
| Dust of Appearance | 1 | |
| Scroll of Town Portal | 1 | |
| Orb of Venom | 1 | |
| Potion of Healing | 2 | |
| Potion of Mana | 1 | |
7 total
UrTheWorst (
blue | 51 APM | 2032 actions | 39:37)
10 Blademaster
3 Wind Walk
3 Critical Strike
1 Bladestorm
3 Mirror Image
» actions
| Assign group hotkey | 27 | |
| Basic commands | 124 | |
| Build / train | 80 | |
| Enter build submenu | 41 | |
| Enter hero's abilities submenu | 10 | |
| Give item / drop item | 3 | |
| Remove unit from queue | 7 | |
| Right click | 963 | |
| Select / deselect | 333 | |
| Select group hotkey | 295 | |
| Use ability | 149 | |
2032 total
» units
| Peon | 17 | |
| Grunt | 5 | |
| Troll Batrider | 3 | |
| Wind Rider | 4 | |
29 total
» upgrades
| Ranged Weapons | 3 | |
| Armor | 4 | |
| Reinforced Defenses | 1 | |
| Troll Regeneration | 1 | |
| Liquid Fire | 1 | |
10 total
» buildings
| Orc Burrow | 3 | |
| Altar of Storms | 1 | |
| Barracks | 1 | |
| Voodoo Lounge | 2 | |
| Stronghold | 1 | |
| War Mill | 2 | |
| Great Hall | 1 | |
| Watch Tower | 25 | |
| Fortress | 1 | |
| Beastiary | 4 | |
41 total
» build order
00:12 Orc Burrow
00:51 Altar of Storms
00:53 Barracks
01:09 Orc Burrow
01:37 Voodoo Lounge
02:52 Stronghold
04:05 War Mill
05:13 Great Hall
05:15 Voodoo Lounge
05:19 Watch Tower
05:19 Watch Tower
05:19 Watch Tower
05:27 Watch Tower
05:28 Watch Tower
05:29 Watch Tower
05:42 Orc Burrow
07:03 Watch Tower
09:11 Fortress
09:19 Watch Tower
09:20 Watch Tower
09:21 Watch Tower
09:22 Watch Tower
09:24 Watch Tower
11:12 Watch Tower
11:12 Watch Tower
11:21 War Mill
12:24 Watch Tower
12:24 Watch Tower
12:52 Beastiary
12:53 Beastiary
12:54 Beastiary
13:34 Beastiary
19:59 Watch Tower
19:59 Watch Tower
20:00 Watch Tower
20:00 Watch Tower
20:03 Watch Tower
20:05 Watch Tower
20:07 Watch Tower
20:09 Watch Tower
20:11 Watch Tower
» items
| Healing Salve | 6 | |
| Potion of Mana | 7 | |
| Potion of Healing | 7 | |
| Lesser Clarity Potion | 3 | |
| Orb of Lightning | 1 | |
| Scroll of Town Portal | 1 | |
25 total
ThisISmyTESTacc (
pink | 101 APM | 4002 actions | 39:38)
9 Mountain King
3 Storm Bolt
3 Bash
1 Avatar
2 Thunder Clap
» actions
| Assign group hotkey | 95 | |
| Basic commands | 115 | |
| Build / train | 222 | |
| ESC pressed | 20 | |
| Enter build submenu | 65 | |
| Enter hero's abilities submenu | 9 | |
| Give item / drop item | 1 | |
| Remove unit from queue | 1 | |
| Right click | 1814 | |
| Select / deselect | 379 | |
| Select group hotkey | 1014 | |
| Use ability | 267 | |
4002 total
» units
| Peasant | 17 | |
| Footman | 6 | |
| Mortar Team | 11 | |
| Gryphon Rider | 3 | |
| Knight | 1 | |
38 total
» upgrades
| Masonry | 3 | |
| Defend | 1 | |
| Swords | 3 | |
| Armor | 4 | |
| Gunpowder | 3 | |
| Fragmentation Shards | 1 | |
| Flare | 1 | |
| Lumber Harvesting | 2 | |
| Storm Hammers | 1 | |
| Cloud | 1 | |
| Animal War Training | 1 | |
21 total
» buildings
| Barracks | 1 | |
| Altar of Kings | 1 | |
| Farm | 11 | |
| Lumber Mill | 1 | |
| Arcane Vault | 4 | |
| Town Hall | 3 | |
| Scout Tower | 27 | |
| Guard Tower | 69 | |
| Keep | 6 | |
| Blacksmith | 5 | |
| Castle | 3 | |
| Gryphon Aviary | 4 | |
| Workshop | 5 | |
| Cannon Tower | 7 | |
147 total
» build order
00:53 Barracks
00:55 Altar of Kings
00:57 Farm
01:08 Farm
01:22 Farm
01:52 Lumber Mill
02:14 Farm
02:21 Arcane Vault
02:33 Arcane Vault
02:54 Arcane Vault
03:39 Arcane Vault
04:02 Town Hall
04:06 Scout Tower
04:09 Scout Tower
04:11 Scout Tower
04:15 Scout Tower
04:20 Scout Tower
04:23 Scout Tower
04:41 Guard Tower
04:41 Guard Tower
04:54 Guard Tower
04:55 Guard Tower
04:55 Guard Tower
05:22 Guard Tower
05:39 Guard Tower
05:40 Guard Tower
05:40 Guard Tower
06:37 Guard Tower
07:08 Scout Tower
07:09 Scout Tower
07:10 Scout Tower
07:12 Scout Tower
07:20 Keep
07:21 Keep
07:46 Guard Tower
07:46 Guard Tower
07:47 Guard Tower
07:48 Guard Tower
07:48 Guard Tower
07:48 Guard Tower
07:49 Guard Tower
07:49 Guard Tower
07:50 Guard Tower
08:40 Blacksmith
09:43 Castle
09:44 Castle
09:46 Gryphon Aviary
09:47 Gryphon Aviary
11:23 Workshop
11:25 Workshop
11:26 Workshop
11:58 Workshop
12:02 Workshop
13:04 Scout Tower
13:05 Scout Tower
13:16 Scout Tower
13:20 Keep
13:20 Keep
13:37 Guard Tower
13:37 Guard Tower
13:37 Guard Tower
13:39 Guard Tower
13:39 Guard Tower
13:39 Guard Tower
14:37 Farm
14:39 Farm
16:29 Guard Tower
16:30 Guard Tower
16:30 Guard Tower
23:16 Town Hall
23:18 Scout Tower
23:19 Scout Tower
23:20 Scout Tower
23:22 Scout Tower
23:25 Scout Tower
23:25 Scout Tower
23:26 Scout Tower
23:50 Guard Tower
23:50 Guard Tower
23:50 Guard Tower
23:50 Guard Tower
23:51 Guard Tower
23:54 Guard Tower
23:55 Guard Tower
23:55 Guard Tower
24:16 Guard Tower
24:16 Guard Tower
24:16 Guard Tower
24:17 Guard Tower
24:17 Guard Tower
24:20 Scout Tower
25:18 Guard Tower
25:19 Guard Tower
25:22 Cannon Tower
25:22 Cannon Tower
25:23 Cannon Tower
25:24 Cannon Tower
25:24 Cannon Tower
28:30 Scout Tower
28:30 Scout Tower
28:32 Scout Tower
28:33 Scout Tower
28:35 Scout Tower
29:08 Gryphon Aviary
29:08 Gryphon Aviary
29:11 Guard Tower
29:11 Guard Tower
29:11 Guard Tower
29:52 Town Hall
30:36 Scout Tower
30:39 Blacksmith
30:40 Blacksmith
30:44 Blacksmith
30:55 Blacksmith
35:20 Farm
35:21 Farm
35:21 Farm
35:24 Farm
35:25 Farm
» items
| Scroll of Regeneration | 9 | |
| Lesser Clarity Potion | 9 | |
| Scroll of Town Portal | 5 | |
| Orb of Lightning | 1 | |
| Orb of Venom | 1 | |
| Potion of Healing | 5 | |
| Potion of Mana | 4 | |
34 total
Chat log
(00:08 / All) ThisISmyTESTacc: WOOOOO FERALAS!
(00:40 / All) UrTheWorst: Look the part, BE THE PART, MUTHAFUCKA
(00:48 / All) AVONBARKSDALE.: mcnulty #1
(00:57 / All) UrTheWorst: mcnulty character sucks
(01:04 / All) UrTheWorst: all the cops suck
(01:06 / All) AVONBARKSDALE.: the chars i hated at first but they grown on me
(01:24 / All) UrTheWorst: his whole arc is boring and stupid
(01:35 / All) AVONBARKSDALE.: arc? aint he in entire series
(01:42 / All) UrTheWorst: yeah
(01:43 / Allies) UDisPOWER: bell mh
(01:50 / All) UrTheWorst: do you know what an arc is
(01:57 / All) AVONBARKSDALE.: dbz arc yea
(01:59 / All) AVONBARKSDALE.: sayian saga
(02:00 / All) AVONBARKSDALE.: namek
(02:02 / All) AVONBARKSDALE.: Frieza
(02:03 / All) UrTheWorst: character arc
(02:10 / All) ThisISmyTESTacc: lmao
(02:43 / Allies) ThisISmyTESTacc: wtf
(02:46 / Allies) ThisISmyTESTacc: long ass creep aggro
(03:05 / Allies) UDisPOWER: mass units tier 1
(03:06 / Allies) UDisPOWER: pls
(03:18 / Allies) WongDong: i got hunts
(07:55 / Allies) UrTheWorst: thx pal
(10:22 / All) UDisPOWER: bell u famous mh
(10:29 / All) Bell: I'm FAMOUS????
(10:31 / All) Bell: ty :)
(10:35 / All) AVONBARKSDALE.: forgetaboutbeli?
(11:07 / Allies) WongDong: fuck oj mh lol
(11:27 / Allies) WongDong: help a lil
(12:48 / Allies) WongDong: hacker lol
(12:50 / Allies) WongDong: jesus
(13:00 / Allies) UrTheWorst: lawl
(13:02 / Allies) UrTheWorst: he is so overt
(13:19 / Allies) WongDong: alchie
(13:51 / Allies) UrTheWorst: b
(14:16 / Allies) WongDong: gold blue?
(14:40 / Allies) WongDong: ty
(15:11 / Allies) ThisISmyTESTacc: tp?
(15:20 / Allies) UrTheWorst: lumbers
(16:15 / Allies) ThisISmyTESTacc: meet and hit
(17:10 / Allies) ThisISmyTESTacc: green press the dots near ur minimap
(17:12 / Allies) ThisISmyTESTacc: and u move faster
(19:18 / Allies) WongDong: lol give gold or use pls
(19:48 / Allies) WongDong: tp
(20:07 / Allies) ThisISmyTESTacc: bat
(20:15 / Allies) ThisISmyTESTacc: bat
(20:39 / Allies) UDisPOWER: tp
(20:41 / Allies) UDisPOWER: pink
(20:52 / All) AVONBARKSDALE.: god damn pink wall of china tower
(21:23 / Allies) WongDong: tp pls?
(21:34 / Allies) ThisISmyTESTacc: not sure I could take that
(21:46 / Allies) UDisPOWER: exp
(21:47 / Allies) UDisPOWER: elf
(21:54 / Allies) WongDong: k
(22:03 / Allies) WongDong: kill pls
(22:13 / Allies) UDisPOWER: gold me blue
(22:19 / Allies) WongDong: mee too pls
(22:24 / Allies) WongDong: pink gold like 4k
(22:30 / Allies) ThisISmyTESTacc: get it yourselves noobs
(22:35 / Allies) WongDong: lol
(23:10 / Allies) ThisISmyTESTacc: go away asshole teal
(23:15 / Allies) WongDong: ugh
(23:53 / Allies) WongDong: blue give gold for main pls?
(24:09 / Allies) WongDong: ty
(25:13 / All) ThisISmyTESTacc: }how much gold you noobs have to rebuild?
(25:15 / All) ThisISmyTESTacc: I got 10k
(25:44 / All) UrTheWorst: I think both NE hack lel
(25:54 / All) Antisocial: kinda hypocritical
(25:57 / All) UrTheWorst: LOL
(26:00 / All) WongDong: oj hack fo sho lol
(26:02 / All) UrTheWorst: you think I'm hacking?
(26:08 / All) UDisPOWER: yellow
(26:16 / All) AVONBARKSDALE.: wat
(26:18 / All) UDisPOWER: i send e-mail hacks@blizzard.com
(26:20 / Allies) WongDong: 100 g pls
(26:22 / Allies) WongDong: for hero
(26:27 / All) AVONBARKSDALE.: ur implying i hack?
(26:39 / Allies) WongDong: ty
(27:28 / Allies) WongDong: lol purp
(28:21 / All) ThisISmyTESTacc: owned
(28:34 / All) Antisocial: gg
(28:37 / All) Gales: gg
(28:38 / All) Bell: gg guys
(28:43 / All) UrTheWorst: Akinos is one of the greatest blademasters in Azeroth
(28:45 / All) AVONBARKSDALE.: freaking babies
(28:53 / Allies) ThisISmyTESTacc: when that happens
(28:54 / All) UrTheWorst: He always brings his A-game
(28:55 / Allies) ThisISmyTESTacc: you know it's time to gg
(29:18 / Allies) ThisISmyTESTacc: go away teal
(29:20 / Allies) ThisISmyTESTacc: don't take my victory
(29:26 / Allies) ThisISmyTESTacc: that is my victory over that expansion
(29:32 / Allies) ThisISmyTESTacc: not yours
(29:38 / Allies) ThisISmyTESTacc: that is not your rightful expansion to kill
(29:39 / Allies) WongDong: ok
(29:54 / Allies) WongDong: got it
(29:58 / Allies) ThisISmyTESTacc: noob
(30:00 / Allies) ThisISmyTESTacc: glad you understand
(30:52 / Allies) UDisPOWER: man
(30:55 / Allies) UDisPOWER: just play
(31:06 / Allies) UrTheWorst: I am just playing
(31:16 / Allies) UrTheWorst: Are you implying that there is only one correct way to play?
(31:19 / Allies) ThisISmyTESTacc: rez ur hero teal
(31:24 / Allies) UrTheWorst: What a playstyle chauvinist you are
(31:25 / Allies) ThisISmyTESTacc: Gave you the gold to do it
(31:31 / All) AVONBARKSDALE.: green go wah wah
(31:33 / Allies) UDisPOWER: u girlfriend yellow
(31:35 / All) AVONBARKSDALE.: all the way home
(31:40 / Allies) UrTheWorst: Yes she is transitiong
(31:44 / Allies) UrTheWorst: Jealous?
(31:57 / Allies) ThisISmyTESTacc: res your hero noob
(32:00 / Allies) WongDong: lol
(32:06 / Allies) ThisISmyTESTacc: do it noob
(32:10 / Allies) ThisISmyTESTacc: why aren't you ressing it?
(32:22 / All) UDisPOWER: yellow i report hacks@blizzard
(32:24 / Allies) WongDong: i dont care enough i suppose
(32:25 / All) UDisPOWER: your mh
(32:29 / All) ThisISmyTESTacc: LMAO
(32:31 / All) AVONBARKSDALE.: funny
(32:43 / All) ThisISmyTESTacc: the sad thing is
(32:45 / All) UDisPOWER: and posted replay wcreplays.com
(32:45 / All) ThisISmyTESTacc: when there is a real mher
(32:47 / All) UDisPOWER: .D
(32:48 / All) ThisISmyTESTacc: you can't recognise it
(32:52 / All) UDisPOWER: :]
(33:00 / All) ThisISmyTESTacc: because there's a mher in game right now
(33:03 / All) ThisISmyTESTacc: and it sure isn't yellow
(33:11 / All) ThisISmyTESTacc: but please submit it to wcreplays so everyone can see how you got owned
(33:21 / All) AVONBARKSDALE.: green i never once creepjacked u or got ur expo
(34:05 / Allies) UDisPOWER: Pink u boyfriend blue
(34:18 / Allies) UrTheWorst: We';re in a love triangle
(34:26 / Allies) UDisPOWER: good
(34:27 / Allies) UrTheWorst: Two husbands one wife, yellow is transitioning
(34:28 / Allies) UrTheWorst: she's lovely
(34:34 / Allies) UDisPOWER: the game is FFA
(34:39 / Allies) ThisISmyTESTacc: green seems like a discriminatory shitlord
(34:51 / Allies) UDisPOWER: u prefer pink or yellow blue
(35:00 / Allies) ThisISmyTESTacc: we're not gay
(35:02 / Allies) UrTheWorst: Are you not down with LGBT movement?
(35:03 / Allies) ThisISmyTESTacc: we only go after girls like yellow
(35:12 / Allies) UrTheWorst: Yeah her body her choice
(36:25 / All) UDisPOWER: tower > you
(36:36 / All) AVONBARKSDALE.: y u think i hack big boy
(36:40 / All) AVONBARKSDALE.: cuz i dont
(36:50 / All) UDisPOWER: pink >>>>>>> abism >>> you
(37:22 / All) ThisISmyTESTacc: where'd your bm go?
(37:25 / All) ThisISmyTESTacc: someone kill it already?
(38:23 / All) UrTheWorst: If you guys don't leave you have to take a loss
(38:23 / Allies) ThisISmyTESTacc: you lose
(38:26 / All) UrTheWorst: If you leave you get a tie
(38:37 / All) UDisPOWER: gg
(38:38 / All) UrTheWorst: We want orange and red to take the loss
(38:40 / All) UDisPOWER: by
(38:42 / All) AVONBARKSDALE.: gg
(38:44 / All) UrTheWorst: But if you stay we gotta make you lose
(38:47 / All) ThisISmyTESTacc: bye
(38:48 / All) ThisISmyTESTacc: gg
(38:49 / All) ThisISmyTESTacc: out
(38:50 / All) ThisISmyTESTacc: noobs
(38:53 / All) WongDong: ggs
(38:59 / All) ThisISmyTESTacc: OUT!!!
(39:03 / All) AVONBARKSDALE.: ggs u wont get a loss teal
(39:10 / All) UrTheWorst: Red and orange get the loss if you leave
(39:11 / All) ThisISmyTESTacc: OUT TEAL
(39:12 / All) AVONBARKSDALE.: ill whisper u telling u got a tie
(39:19 / All) WongDong: idc
(39:22 / All) WongDong: either way
(39:23 / All) UrTheWorst: If you stay you lose
(39:26 / All) WongDong: bye bye friends
(39:30 / All) ThisISmyTESTacc: sweeeet
(39:31 / All) UrTheWorst: aight
(39:32 / All) AVONBARKSDALE.: bye
(39:34 / All) UrTheWorst: orange and red lose
(39:35 / All) AVONBARKSDALE.: k i leave now